 Dungeon Crawl Stone Soup version 0.31-a0-204-g7da18cac08 (webtiles) character file.

Game seed: 17119866527632496712

1679 promet the Fighter (level 8, -1/74 HPs)
             Began as a Minotaur Fighter on June 27, 2023.
             Slain by an orc wizard
             ... wielding a +0 dagger
              (3 damage)
             ... on level 6 of the Dungeon.
             The game lasted 00:26:22 (8425 turns).

promet the Fighter (Minotaur Fighter)               Turns: 8425, Time: 00:26:23

Health: -1/74      AC: 11    Str: 18    XL:     8   Next: 70%
Magic:  7/7        EV:  8    Int:  4    God:
Gold:   161        SH:  0    Dex: 14    Spells: 7/7 levels left

rFire   . . .        a - +2 halberd (heavy)
rCold   + . .        (shield currently unavailable)
rNeg    . . .        i - +0 chain mail
rPois   .            (helmet restricted)
rElec   .            h - +0 cloak
rCorr   .            (no gloves)
SInv    .            (no boots)
Will    .....        (no amulet) Stlth
                     j - ring of protection from cold
HPRegen 0.32/turn    (no ring)
MPRegen 0.10/turn

%: no passive effects
@: no status effects
A: horns 2, retaliatory headbutt, talons 1, agile 1, dopey 1, weak 1
a: no special abilities


You were on level 6 of the Dungeon.
You visited 1 branch of the dungeon, and saw 6 of its levels.

You collected 161 gold pieces.

Inventory:

Hand Weapons
 a - a +2 heavy halberd (weapon)
 b - a +0 shortbow
 g - a +0 war axe
 l - a +0 long sword
 n - a +0 trident
 x - a +1 flail of draining
Missiles
 e - 18 boomerangs (quivered)
 k - 22 stones
 u - 3 poisoned darts
Armour
 c - a +0 buckler
 h - a +0 cloak (worn)
 i - a +0 chain mail (worn)
Magical Staves
 m - a staff of conjuration
 t - a staff of death
Jewellery
 d - a ring of ice
 j - a ring of protection from cold (left hand)
 q - an amulet of faith
 s - a +4 ring of protection
 w - a ring of flight
Wands
 v - a wand of flame (8)
Scrolls
 f - a scroll of fear {unknown}
 o - a scroll of poison
 r - a scroll of brand weapon {unknown}
Potions
 p - 2 potions of curing
 z - a potion of cancellation {unknown}
 A - a potion of resistance


   Skills:
 * Level 8.0 Fighting
 + Level 4.5(6.0) Axes
 + Level 5.6(6.4) Maces & Flails
 + Level 1.5(3.2) Polearms
 + Level 3.0 Ranged Weapons
 + Level 1.7 Throwing
 + Level 7.1 Armour
 + Level 1.8 Dodging
 + Level 0.1 Stealth
 + Level 4.7 Shields


You had 7 spell levels left.
You didn't know any spells.
Your spell library contained the following spells:

 Spells                   Type           Power      Damage    Failure   Level
 Shock                    Conj/Air       0%         1d3       99%         1
 Cigotuvi's Dreadful Rot  Necr/Pois/Air  0%         N/A       100%        2
 Ignite Poison            Fire/Tmut/Pois 0%         N/A       100%        3
 Swiftness                Air            0%         N/A       100%        3
 Airstrike                Air            0%         2d(0-16)  100%        4
 Freezing Cloud           Conj/Ice/Air   0%         6-21      100%        5


Dungeon Overview and Level Annotations

Branches:
Dungeon (6/15)             Temple (0/1) D:5

Altars:
Xom

Shops:
D:1 *

Annotations:
D:1 2 transporters


Innate Abilities, Weirdness & Mutations

You have a pair of horns on your head.
You reflexively headbutt those who attack you in melee.
You have sharp toenails.
You are agile. (Dex +4, Str/Int -1)
You are dopey. (Int -2)
You are weak. (Str -2)


Message History

You feel better. Something hits you. Something shocks you.
* * * LOW HITPOINT WARNING * * *
Something hits you but does no damage.
You completely miss something. Your headbutt misses something.
Something hits you but does no damage. x2; Something hits you.
* * * LOW HITPOINT WARNING * * *
Something shocks you.
* * * LOW HITPOINT WARNING * * *
You hear some strange, mumbled words.
You are confused.
You are too confused!
Something hits you.
* * * LOW HITPOINT WARNING * * *
You hear some strange, mumbled words.
A puff of flame appears from out of thin air!
The puff of flame hits you.
* * * LOW HITPOINT WARNING * * *
You closely miss something.
Something hits you but does no damage. x3
Something hits you.
* * * LOW HITPOINT WARNING * * *
Something shocks you.
* * * LOW HITPOINT WARNING * * *
You are no longer corroded.
Something hits you but does no damage.
You feel better.
Something hits you but does no damage. x2
You barely miss something. Your kick misses something.
Your headbutt misses something. Something hits you but does no damage.
You hear some strange, mumbled words.
Something tries to affect you, but you resist.
Something hits you but does no damage. x2
You miss something. Your kick misses something.
Something hits you but does no damage. Something hits you.
* * * LOW HITPOINT WARNING * * *
Something hits you but does no damage. x2
You closely miss something. Your kick misses something. Something hits you.
* * * LOW HITPOINT WARNING * * *
Something shocks you.
* * * LOW HITPOINT WARNING * * *
Something hits you but does no damage. Something hits you.
You die...

# # ......##.......
## .......$.......
.. .............#
.. #...........# ..
#.......... .....#
#..........
.....#######.).)..#
.............)..@.#
..#............{..#
..#...............#
#...............#
#...............#
###...............#
...............#.##
###............#.#
#..............#.#


There were no monsters in sight!

Vanquished Creatures
  2 water moccasins
  An ice beast (D:5)
  3 ogres
  A phantom (D:4)
  A kobold brigand (D:4)
  A bullfrog (D:6)
  Blork the orc (D:4)
  2 scorpions (D:5)
  A jelly (D:6)
  Crazy Yiuf (D:2)
  3 hounds
  2 orc priests
  A gnoll bouda (D:5)
  Terence (D:2)
  A sleepcap (D:5)
  Ijyb (D:4)
  Natasha (thrice) (D:2)
  An iguana (D:5)
  3 orc wizards
  7 gnolls
  5 adders
  2 white imps (D:5)
  2 ufetubi (D:5)
  2 worms (D:3)
  2 dart slugs
  15 orcs
  10 bats
  4 endoplasms
  2 giant cockroaches
  3 goblins
  4 hobgoblins
  6 quokkas
  6 ball pythons
  3 frilled lizards
  10 kobolds
  3 rats (D:1)
116 creatures vanquished.

Notes
Turn   | Place    | Note
-------+----------+-------------------------------------------
     0 | D:1      | promet the Minotaur Fighter began the quest for the Orb.
     0 | D:1      | Reached XP level 1. HP: 19/19 MP: 0/0
   100 | D:1      | Found Bilumaob's Assorted Antiques.
   194 | D:1      | Reached skill level 4 in Fighting
   197 | D:1      | Reached XP level 2. HP: 20/27 MP: 1/1
   969 | D:2      | Reached XP level 3. HP: 29/33 MP: 2/2
  1124 | D:2      | Noticed Natasha
  1129 | D:2      | Killed Natasha
  1366 | D:1      | Reached XP level 4. HP: 31/41 MP: 3/3
  2383 | D:2      | Reached skill level 5 in Fighting
  2431 | D:2      | Found a runed translucent door.
  2432 | D:2      | Noticed Crazy Yiuf
  2437 | D:2      | Killed Crazy Yiuf
  2438 | D:2      | Reached XP level 5. HP: 29/45 MP: 4/4
  2949 | D:2      | Noticed Natasha
  2955 | D:2      | Killed Natasha
  3000 | D:2      | Noticed Natasha
  3004 | D:2      | Killed Natasha
  3188 | D:2      | Noticed Terence
  3196 | D:2      | Killed Terence
  3197 | D:2      | Reached skill level 1 in Maces & Flails
  4000 | D:3      | Upgraded the game from 0.31-a0-202-g547052bce9 to
                  | 0.31-a0-204-g7da18cac08
  4460 | D:3      | Reached XP level 6. HP: 56/56 MP: 5/5
  4939 | D:4      | Noticed Blork the orc
  4948 | D:4      | Killed Blork the orc
  4949 | D:4      | Reached skill level 5 in Armour
  4949 | D:4      | Reached skill level 1 in Dodging
  5296 | D:4      | Reached skill level 1 in Throwing
  5414 | D:4      | Gained mutation: You are weak. (Str -2) [potion of
                  | mutation]
  5414 | D:4      | Gained mutation: You are dopey. (Int -2) [potion of
                  | mutation]
  5414 | D:4      | Gained mutation: You have hidden genetic potential. [potion
                  | of mutation]
  5572 | D:4      | Reached XP level 7. HP: 53/62 MP: 6/6
  5712 | D:5      | Entered Level 5 of the Dungeon
  5712 | D:5      | Found a staircase to the Ecumenical Temple.
  5838 | D:5      | Reached skill level 6 in Fighting
  6474 | D:5      | Found a shimmering altar of Xom.
  6765 | D:5      | Noticed Ijyb
  6766 | D:5      | Gained mutation: You have sharp toenails. [hidden
                  | potential]
  6928 | D:4      | Killed Ijyb
  7065 | D:5      | Reached skill level 7 in Fighting
  7098 | D:4      | Reached skill level 1 in Ranged Weapons
  7160 | D:5      | Reached XP level 8. HP: 68/73 MP: 7/7
  7539 | D:5      | Reached skill level 5 in Maces & Flails
  7652 | D:5      | Gained mutation: You are agile. (Dex +4, Str/Int -1)
                  | [hidden potential]
  7652 | D:5      | Lost mutation: You have hidden genetic potential. [hidden
                  | potential expressed]
  8293 | D:6      | Reached skill level 8 in Fighting
  8411 | D:6      | Reached skill level 1 in Polearms
  8421 | D:6      | HP: 1/74 [something (5)]
  8425 | D:6      | Slain by an orc wizard

Illustrated notes

Levels and vault maps discovered:
D:1:      spicycebolla_arrival_transporter_tutorial, layout_rooms, serial_shops,
          shop, minivault_11
D:2:      layout_loops_ring, nicolae_elevator_lobby_plus, uniq_natasha,
          uniq_terence, uniq_crazy_yiuf_cottage
D:3:      layout_loops_corners, amcnicky_mini_rare_corridor_liquid
D:4:      cheibrodos_thug_alley, layout_cave_pools, minmay_misc_feat_hallway,
          uniq_blork_the_orc
D:5:      layout_basic, lemuel_round_altar,
          minmay_temple_entry_statues_fountains, uniq_ijyb
D:6:      layout_basic

Skill      XL: |  1  2  3  4  5  6  7  8 |
---------------+-------------------------+-----
Fighting       | 4 5 7 8 |  8.0
Armour         | 4 5 6 7 |  7.1
Axes           | 3 4 |  4.5
Shields        | 4 |  4.7
Maces & Flails | 1 3 4 5 |  5.6
Dodging        | 1 |  1.8
Throwing       | 1 |  1.7
Ranged Weapons | 1 3 |  3.0
Polearms       | 1 |  1.5
Stealth        | |  0.1

Action                     |  1- 3 |  4- 6 |  7- 9 || total
---------------------------+-------+-------+-------++-------
  Melee: War axe           |    49 |     6 |       ||    55
         Headbutt          |     6 |    19 |    18 ||    43
         Flail             |       |   124 |    84 ||   208
         Kick              |       |       |    21 ||    21
         Halberd           |       |       |    21 ||    21
         Punch             |       |       |     1 ||     1
   Fire: Shortbow          |       |       |    37 ||    37
  Throw: Stone             |     2 |     1 |       ||     3
         Boomerang         |       |    10 |     3 ||    13
         Dart              |       |       |     3 ||     3
    Use: Scroll            |     3 |     3 |       ||     6
         Potion            |       |     6 |     2 ||     8
 Armour: Scale mail        |    17 |    54 |     1 ||    72
         Skin              |       |     4 |       ||     4
         Chain mail        |       |       |   102 ||   102
  Dodge: Dodged            |    17 |    60 |    75 ||   152
  Block: Buckler           |     7 |    26 |     6 ||    39

Table legend: (Time is in decaauts)
 A = Elapsed time spent in this place.
 B = Non-inter-level travel time spent in this place.
 C = Inter-level travel time spent in this place.
 D = Time resting spent in this place.
 E = Time spent auto-exploring this place.
 F = Levels seen in this place.
 G = Mean time per level.
                   A        B        C        D        E       F      G
               +--------+--------+--------+--------+--------+-----+--------+
         Total |   8524 |   8298 |    226 |   4027 |   1770 |   6 | 1420.7 |
       Dungeon |   8524 |   8298 |    226 |   4027 |   1770 |   6 | 1420.7 |
               +--------+--------+--------+--------+--------+-----+--------+

Top non-repeatable levels by time:
     D:2: 2195 daAuts
     D:4: 1955 daAuts
     D:1: 1388 daAuts
     D:5: 1315 daAuts
     D:3: 1290 daAuts
     D:6: 379 daAuts
